 Dungeon Crawl Stone Soup version 0.27.1-35-g4d5d836560 (webtiles) character file.

Game seed: 959865103228245441

10323 croobank the Envoy of Void (level 11, -17/84 HPs)
             Began as a Demonspawn Abyssal Knight on Oct 27, 2022.
             Was a High Priest of Lugonu.
             Killed from afar by an efreet (26 damage)
             ... with a fireball
             ... summoned by Lugonu's corruption
             ... on level 11 of the Dungeon on Oct 28, 2022.
             The game lasted 00:46:51 (12796 turns).

croobank the Envoy of Void (DsAK)                  Turns: 12796, Time: 00:46:51

Health: -17/84     AC: 10    Str: 22    XL:     11   Next: 34%
Magic:  12/19      EV: 15    Int: 15    God:    Lugonu [*****.]
Gold:   265        SH:  0    Dex: 20    Spells: 20/20 levels left

rFire    . . .     SeeInvis +   a - +10 spear "Ebes" {vamp, rCorr Dex+4}
rCold    . . .     Faith    .   (no shield)
rNeg     . . .     Spirit   .   t - +0 ring mail of Magic {Str+3}
rPois    .         Reflect  .   (no helmet)
rElec    .         Harm     .   (no cloak)
rCorr    +         Rampage  .   w - +0 pair of gloves
Will     .....                  m - +1 pair of boots
Stlth    ++........             (no amulet)
HPRegen  0.24/turn              O - +6 ring of strength
MPRegen  0.16/turn              P - ring of see invisible

@: no status effects
A: talons 2, thin skeletal structure 1, spiny 3
a: Renounce Religion, Depart the Abyss, Bend Space, Banish, Corrupt, Enter the
Abyss


You were on level 11 of the Dungeon.
You worshipped Lugonu.
Lugonu was extremely pleased with you.
You visited 1 branch of the dungeon, and saw 11 of its levels.
You visited the Abyss 1 time.

You collected 562 gold pieces.
You spent 297 gold pieces at shops.

Inventory:

Hand Weapons
 a - the +10 spear "Ebes" (weapon) {vamp, rCorr Dex+4}
   (You found it on level 8 of the Dungeon)

   It occasionally heals its wielder for a portion of the damage dealt when it
   wounds a living foe.
   Dex:       It affects your dexterity (+4).
   rCorr:     It protects you from acid and corrosion.
 b - a +3 hand crossbow of flaming
 d - a +0 whip
 i - a +0 flail
 k - a +0 quarterstaff
 v - a +5 dire flail of protection
 B - a +3 war axe
 F - a +4 scimitar
 I - a +3 antimagic broad axe
 J - a +5 dire flail of freezing
 S - a +2 dagger of protection
Missiles
 c - 97 bolts
 h - 3 curare-tipped darts (quivered)
 j - 2 silver javelins
 p - 276 arrows
 N - 15 poisoned darts
Armour
 m - a +1 pair of boots (worn)
 t - the +0 ring mail of Magic (worn) {Str+3}
   (You found it on level 4 of the Dungeon)

   Str:       It affects your strength (+3).
 w - a +0 pair of gloves (worn)
 x - a +2 ring mail of cold resistance
 z - the +1 leather armour of Midwinter {Str+5 Dex-2}
   (You found it on level 9 of the Dungeon)

   Str:       It affects your strength (+5).
   Dex:       It affects your dexterity (-2).
 A - a +0 kite shield
 G - a +1 leather armour of poison resistance
Magical Staves
 n - a staff of poison
Jewellery
 o - a +4 ring of evasion
 O - a +6 ring of strength (left hand)
 P - a ring of see invisible (right hand)
 Q - the ring "Vetuhan" {Fly Str+4 Int+2}
   (You found it on level 9 of the Dungeon)

   [ring of flight]

   Str:       It affects your strength (+4).
   Int:       It affects your intelligence (+2).
   Fly:       It grants you flight.
Wands
 u - a wand of charming (8)
 y - a wand of paralysis (11)
 R - a wand of flame (25)
Scrolls
 f - 4 scrolls of vulnerability
 l - 3 scrolls of teleportation
 q - 2 scrolls of amnesia
 s - a scroll of fog
 C - a scroll of magic mapping
Potions
 e - 2 potions of curing
 g - 2 potions of flight
 r - a potion of mutation
 D - 2 potions of brilliance {unknown}
 H - a potion of magic


   Skills:
 + Level 7.4 Fighting
 + Level 6.4 Axes
 + Level 6.4 Armour
 + Level 6.4 Dodging
 + Level 5.4 Spellcasting
 - Level 5.0 Necromancy
 - Level 5.0 Earth Magic
 + Level 9.2 Invocations


You had 20 spell levels left.
You didn't know any spells.
Your spell library contained the following spells:

 Spells                   Type           Power      Damage    Failure   Level
 Freeze                   Ice            16%        1d4       24%         1
 Static Discharge         Conj/Air       4%         N/A       34%         2
 Frozen Ramparts          Ice            8%         1d2       56%         3
 Borgnjor's Vile Clutch   Necr/Erth      9%         N/A       63%         5
 Hailstorm                Conj/Ice       4%         3d4       93%         4
 Alistair's Intoxication  Tmut/Pois      2%         N/A       100%        5
 Lightning Bolt           Conj/Air       2%         1d13      100%        5
 Eringya's Noxious Bog    Tmut/Pois      2%         N/A       100%        6
 Maxwell's Capacitive Co  Air            2%         ∞         100%        8


Dungeon Overview and Level Annotations

Branches:
Dungeon (11/15)            Temple (0/1) D:6            Lair (0/6) D:11
    Orc: D:9-12

Altars:
Ru

Shops:
D:3 ?   D:6 =   D:9 =:

Annotations:
D:3 2 transporters, Aldia's ghost, weakling TeAE
D:4 1 runed translucent door, Eustachio; skeithan's ghost, amateur TrMo
D:11 corrupted


Innate Abilities, Weirdness & Mutations

You have razor-sharp toenails.
You have a somewhat thin skeletal structure. (Dex +2, Stealth+)
You are completely covered in sharp spines.


Message History

You feel better.
The killer bee stings the large abomination but does no damage.
The killer bee is struck by your spines.
The killer bee stings you but does no damage.
The hellion barely misses the yak.
The yak is struck by your spines. The yak barely misses you.
The small abomination closely misses the killer bee.
The ynoxinul gestures.
The sky beast barely misses the yak.
The large abomination hits the yak!!!
The yak dies!
The neqoxec hits the black bear!
The efreet misses the killer bee.
Your magical effects are unravelling.
You feel magically purged.
The sentinel's mark upon you fades away.
The killer bee stings the large abomination but does no damage.
The killer bee completely misses you.
The yak barely misses the large abomination.
The reaper hits the black bear with a +1 scythe of flaming!
The reaper burns the black bear.
The killer bee barely misses the large abomination.
The hellion misses the black bear.
Something barely misses the deep elf pyromancer.
The killer bee stings you.
* * * LOW HITPOINT WARNING * * *
The black bear bites the hellion.
The black bear claws the hellion but does no damage.
The black bear claws the hellion.
The small abomination hits the killer bee.
The large abomination barely misses the killer bee.
The killer bee barely misses you. The yak is struck by your spines.
The yak misses you.
An orc comes into view. It is wielding a +0 morningstar.
The ynoxinul gestures.
The neqoxec hits the black bear!
A starcursed mass splits.
The black bear writhes in pain as voices assail its mind.
The efreet gestures at the yak.
The fireball explodes!
The fireball engulfs the killer bee!
The killer bee dies!
The fireball engulfs you!!
You die...

...........##.# .. ..
...........##.##.# # #.
#..##........... #.#.
#.#..)Y.h##.#######.#.
##x#.#..y.#.3o.........
#..X#####Y#.h#####.###.
##3Xh###yYe#.####...#..
#.522y#YX# #.........†.
#5YX@†# ######...##.
##3##xR# ##.###. #
W#4.°######†# #. x#
#RDx..÷..# #. X#
#......# ## .# #....<.#
# .# #.....## # ..
#.....# ###.###


You could see a deep elf pyromancer, 3 yaks, 2 black bears, 2 killer bees, an
orc, a neutral bone dragon (summoned), 2 neutral starcursed masses, a neutral
reaper (summoned), a neutral shadow wraith (summoned, invisible), 3 neutral
large abominations, a neutral smoke demon (summoned), a neutral hellion
(summoned), 2 neutral efreet, a neutral unseen horror (summoned, invisible), a
neutral neqoxec (summoned), a neutral ynoxinul (summoned), a neutral chaos spawn
(summoned), a neutral sky beast (summoned), 3 neutral small abominations and 2
neutral ufetubi.

Vanquished Creatures
  2 two-headed ogres
  An ugly thing (D:11)
  A hornet (D:7)
  Sigmund (D:5)
  A shadow (D:9)
  5 wyverns
  A vampire (D:9)
  8 yaks
  A wraith (D:8)
  Edmund (D:5)
  4 vampire mosquitoes
  An acid dragon (D:8)
  4 water moccasins
  3 orc warriors (D:8)
  3 black bears
  4 ogres
  7 centaurs
  5 kobold brigands
  Blork the orc (D:6)
  3 bullfrogs
  4 scorpions
  A water moccasin skeleton (D:6)
  A wyvern skeleton (D:7)
  7 killer bees
  12 wights
  8 howler monkeys
  2 jellies
  A spectral centaur (D:9)
  3 centaur zombies
  A bullfrog zombie (D:4)
  3 centaur skeletons
  5 hounds
  A bullfrog skeleton (D:5)
  2 orc priests (D:8)
  Natasha (thrice) (D:2)
  2 iguanas
  6 orc wizards
  A scorpion zombie (D:5)
  2 howler monkey zombies
  7 adders
  A howler monkey skeleton (D:7)
  2 white imps
  An ufetubus (D:7)
  3 worms
  3 dart slugs
  21 orcs
  9 endoplasms
  7 giant cockroaches
  5 goblins
  8 hobgoblins
  3 jackals (D:1)
  2 quokkas
  9 ball pythons
  5 bats
  7 frilled lizards
  21 kobolds
  8 rats
244 creatures vanquished.

Vanquished Creatures (others)
  A yak (D:11)
  2 killer bees (D:11)
  63 fungi
  59 plants (D:11)
  A starspawn tentacle (Abyss:1)
126 creatures vanquished.

Grand Total: 370 creatures vanquished

Notes
Turn   | Place    | Note
-------+----------+-------------------------------------------
     0 | Abyss:1  | croobank the Demonspawn Abyssal Knight began the quest for
                  | the Orb.
     0 | Abyss:1  | Reached XP level 1. HP: 18/18 MP: 2/2
    46 | Abyss:1  | Found a corrupted altar of Lugonu.
    88 | Abyss:1  | Noticed a tentacled starspawn
    94 | D:1      | Escaped the Abyss
   139 | D:1      | Reached skill level 1 in Dodging
   277 | D:1      | Gained mutation: You have a somewhat thin skeletal
                  | structure. (Dex +2, Stealth+) [demonic ancestry]
   277 | D:1      | Reached XP level 2. HP: 14/24 MP: 4/4
   594 | D:1      | Reached ** piety under Lugonu
  1280 | D:1      | Reached skill level 3 in Invocations
  1294 | D:1      | Reached XP level 3. HP: 29/29 MP: 5/5
  1652 | D:2      | Noticed Natasha
  1669 | D:2      | Killed Natasha
  2019 | D:2      | Reached XP level 4. HP: 19/35 MP: 6/6
  2789 | D:2      | Noticed Natasha
  2799 | D:2      | Killed Natasha
  2904 | D:2      | Noticed Natasha
  2918 | D:2      | Killed Natasha
  2919 | D:2      | Reached XP level 5. HP: 29/42 MP: 7/7
  3180 | D:3      | Noticed a black bear
  3206 | D:3      | Killed a black bear
  3207 | D:3      | Reached skill level 4 in Invocations
  3468 | D:3      | Found a faded altar of an unknown god.
  3488 | D:3      | Found Ryujail's Magic Scroll Shop.
  3492 | D:3      | Bought a scroll of identify for 24 gold pieces
  3492 | D:3      | Bought a scroll of identify for 24 gold pieces
  3492 | D:3      | Bought a scroll of teleportation for 36 gold pieces
  3492 | D:3      | Bought a scroll of identify for 24 gold pieces
  3492 | D:3      | Bought a scroll of identify for 24 gold pieces
  3503 | D:3      | Gained mutation: You have sharp toenails. [demonic
                  | ancestry]
  3503 | D:3      | Reached XP level 6. HP: 47/48 MP: 9/9
  3572 | D:3      | Found a transporter.
  3593 | D:3      | Found a transporter.
  3625 | D:3      | Reached *** piety under Lugonu
  3768 | D:3      | Noticed Aldia's ghost (weakling TeAE)
  4042 | D:4      | Identified the +0 ring mail of Magic {Str+3}
  4155 | D:4      | Noticed skeithan's ghost (amateur TrMo)
  4158 | D:4      | Found a runed translucent door.
  4737 | D:5      | Entered Level 5 of the Dungeon
  4737 | D:5      | Noticed Eustachio
  4756 | D:4      | Reached skill level 1 in Spellcasting
  4756 | D:4      | Reached skill level 1 in Necromancy
  4756 | D:4      | Gained mutation: You are partially covered in sharp spines.
                  | [demonic ancestry]
  4756 | D:4      | Reached XP level 7. HP: 45/54 MP: 10/10
  4985 | D:4      | Reached skill level 1 in Earth Magic
  4985 | D:4      | Reached skill level 5 in Invocations
  5342 | D:5      | Noticed Sigmund
  5352 | D:5      | Killed Sigmund
  5353 | D:5      | Gained mutation: You are mostly covered in sharp spines.
                  | [demonic ancestry]
  5353 | D:5      | Reached XP level 8. HP: 50/61 MP: 10/12
  5419 | D:5      | Noticed Edmund
  5427 | D:5      | Killed Edmund
  5725 | D:5      | Reached skill level 5 in Fighting
  5958 | D:6      | Noticed Blork the orc
  5969 | D:6      | Killed Blork the orc
  6001 | D:6      | Found a staircase to the Ecumenical Temple.
  6007 | D:6      | Reached skill level 6 in Invocations
  6086 | D:6      | Reached **** piety under Lugonu
  6171 | D:6      | Found Goal's Jewellery Boutique.
  6341 | D:6      | Found a sacrificial altar of Ru.
  7113 | D:7      | Noticed a hornet
  7120 | D:7      | Killed a hornet
  7121 | D:7      | Reached XP level 9. HP: 68/68 MP: 13/13
  8151 | D:8      | Reached skill level 7 in Invocations
  8538 | D:8      | Reached skill level 5 in Armour
  8692 | D:8      | Reached skill level 5 in Axes
  9070 | D:8      | Identified the +10 spear "Ebes" {vamp, rCorr Dex+4}
  9431 | D:9      | Reached ***** piety under Lugonu
  9611 | D:8      | Gained mutation: You have razor-sharp toenails. [demonic
                  | ancestry]
  9611 | D:8      | Reached XP level 10. HP: 37/76 MP: 15/15
  9960 | D:9      | Reached skill level 5 in Dodging
 10194 | D:9      | Noticed a two-headed ogre
 10197 | D:9      | Found Ynkuy's Jewellery Shop.
 10204 | D:9      | Killed a two-headed ogre
 10205 | D:9      | Reached skill level 5 in Necromancy
 10225 | D:9      | Found Diowen's Book Shoppe.
 10229 | D:9      | Bought a ring of see invisible for 165 gold pieces
 10252 | D:10     | Entered Level 10 of the Dungeon
 10464 | D:9      | Reached skill level 8 in Invocations
 10468 | D:9      | Identified the ring "Vetuhan" {Fly Str+4 Int+2}
 11087 | D:9      | Identified the +1 leather armour of Midwinter {Str+5 Dex-2}
 11448 | D:10     | Reached skill level 5 in Spellcasting
 11451 | D:10     | Gained mutation: You are completely covered in sharp
                  | spines. [demonic ancestry]
 11451 | D:10     | Reached XP level 11. HP: 29/84 MP: 18/18
 11464 | D:9      | Reached skill level 5 in Earth Magic
 12128 | D:10     | Noticed a red ugly thing
 12129 | D:10     | Noticed a red ugly thing
 12130 | D:10     | Noticed a brown ugly thing
 12165 | D:10     | Noticed a purple ugly thing
 12258 | D:11     | Noticed a two-headed ogre
 12470 | D:11     | Killed a red ugly thing
 12497 | D:11     | Reached skill level 9 in Invocations
 12614 | D:11     | Found a staircase to the Lair.
 12775 | D:11     | Killed a two-headed ogre
 12793 | D:11     | Corrupted D:11
 12793 | D:11     | Noticed a starcursed mass
 12793 | D:11     | Noticed a reaper
 12793 | D:11     | Noticed a bone dragon
 12793 | D:11     | Noticed a shadow wraith
 12793 | D:11     | Noticed a deep elf pyromancer
 12796 | D:11     | Killed from afar by an efreet

Illustrated notes

Levels and vault maps discovered:
D:1:      dpeg_arrival_boxes_within_box, layout_basic
D:2:      layout_loops_ring, minmay_box_of_dots, uniq_natasha
D:3:      layout_rooms, serial_shops, shop, gammafunk_ghost_stat_death,
          ebering_ecumenical_altar_box
D:4:      layout_basic, serial_aquarium, aquarium_bridge_straight
          [aquarium_subvault_bridge, aquarium_subvault_wall,
          aquarium_subvault_bridge, aquarium_subvault_window],
          aquarium_window_corridor_2, aquarium_window_double, aquarium_window_1,
          aquarium_view_2d, hellmonk_ghost_happy_afterlife
D:5:      layout_loops_ring, st_stairs_11, sigmund_edmund_badplayer,
          uniq_eustachio
D:6:      cheibrodos_iron_armory, layout_basic,
          mainiacjoe_overflow_tiny_flanked, temple_pool_b, serial_shops,
          nicolae_shop_behind_doors, uniq_blork_the_orc
D:7:      layout_basic
D:8:      layout_basic
D:9:      minmay_skewed_foursquare, layout_cave_pools, serial_park,
          serial_park_tiny_pond, serial_park_square3
          [serial_park_minivault_5x5_8], serial_park_square3
          [serial_park_minivault_5x5_8], st_stairs_1, hangedman_weighted_door,
          nicolae_wooded_promenade, columned_hall_lemuel
D:10:     cheibrodos_breeding_chamber, layout_loops_ring
D:11:     layout_loops_ring, due_lair_maze_entry_diamond, david_orc_5

Skill      XL: |  1  2  3  4  5  6  7  8  9 10 11 |
---------------+----------------------------------+-----
Dodging        | 1 2 3 4 6 |  6.4
Armour         | 2 3 4 5 6 |  6.4
Axes           | 2 3 4 5 6 |  6.4
Invocations    | 3 4 5 6 7 8 9 |  9.2
Fighting       | 4 5 6 7 |  7.4
Spellcasting   | 1 2 3 5 |  5.4
Necromancy     | 1 2 3 4 5 |  5.0
Earth Magic    | 1 2 3 4 5 |  5.0

Action                   |  1- 3 |  4- 6 |  7- 9 | 10-12 || total
-------------------------+-------+-------+-------+-------++-------
Melee: Hand axe          |   112 |   220 |   174 |       ||   506
       Broad axe         |       |       |    56 |       ||    56
       Spear             |       |       |    32 |   200 ||   232
 Fire: Hand crossbow     |       |       |       |    12 ||    12
Throw: Dart              |       |       |     9 |     3 ||    12
Invok: Corrupt           |       |       |       |     1 ||     1
Evoke: Wand              |       |       |     1 |       ||     1
  Use: Potion            |     1 |     2 |     3 |     5 ||    11
       Scroll            |       |    11 |     6 |     4 ||    21
 Stab: Sleeping          |     3 |     4 |     2 |     1 ||    10
       Distracted        |       |     1 |       |     4 ||     5
       Paralysed         |       |       |     4 |       ||     4
Armor: Leather armour    |    30 |    46 |       |       ||    76
       Skin              |       |    27 |    31 |       ||    58
       Ring mail         |       |    16 |    64 |    48 ||   128
Dodge: Dodged            |    85 |   145 |   214 |   172 ||   616
